 Dungeon Crawl Stone Soup version 0.30-a0-782-ge64f9170bb (webtiles) character file.

Game seed: 2374940300235769057

33 IndexError the Shooter (level 3, 22/22 HPs)
             Began as a Gargoyle Hunter on Mar 2, 2023.
             Was an Initiate of Yredelemnul.
             Quit the game on level 2 of the Dungeon.
             The game lasted 00:03:46 (971 turns).

IndexError the Shooter (Gargoyle Hunter)             Turns: 971, Time: 00:03:46

Health: 22/22      AC:  6    Str: 20    XL:     3   Next: 29%
Magic:  3/3        EV: 11    Int:  9    God:    Yredelemnul [......]
Gold:   94         SH:  0    Dex: 15    Spells: 2/2 levels left

rFire   + . .      SeeInvis .    a - +0 shortbow
rCold   . . .      Faith    .    (shield currently unavailable)
rNeg    + . .      Spirit   .    c - +0 leather armour
rPois   ∞          Reflect  .    (no helmet)
rElec   +          Harm     .    (no cloak)
rCorr   .          Rampage  .    (no gloves)
Will    .....                    (no boots)
Stlth   ++                       (no amulet)
HPRegen 0.23/turn                d - +6 ring of strength
MPRegen 0.08/turn                g - ring of protection from fire {rF+, !d}

@: no status effects
A: sickness immunity, AC +3, negative energy resistance 1, electricity
resistance, torment resistance 1, petrification resistance
a: Renounce Religion, Recall Undead Harvest


You were on level 2 of the Dungeon.
You worshipped Yredelemnul.
Yredelemnul was noncommittal.
You visited 1 branch of the dungeon, and saw 2 of its levels.

You collected 94 gold pieces.

Inventory:

Hand Weapons
 a - a +0 shortbow (weapon)
Missiles
 i - 5 atropa-tipped darts
Armour
 c - a +0 leather armour (worn)
Jewellery
 d - a +6 ring of strength (left hand)
   (You found it on level 1 of the Dungeon)
 g - a ring of protection from fire (right hand) {rF+, !d}
   (You found it on level 1 of the Dungeon)
Scrolls
 b - 3 scrolls of immolation {!r}
 e - 2 scrolls of identify {unknown}
 f - a scroll of butterflies {unknown}
 h - a scroll of teleportation {unknown}
 j - a scroll of poison {unknown}


   Skills:
 + Level 2.9 Fighting
 * Level 4.7 Ranged Weapons
 - Level 1.5 Dodging
 - Level 1.1 Stealth


You had 2 spell levels left.
You didn't know any spells.
Your spell library was empty.

Dungeon Overview and Level Annotations

Branches:
Dungeon (2/15)

Altars:
Yredelemnul

Shops:
D:1 [


Innate Abilities, Weirdness & Mutations

You are immune to sickness and miasma.
Your stone body is resilient. (AC +3)
You are immune to poison.
You resist negative energy. (rN+)
You are resistant to electric shocks. (rElec)
You are resistant to unholy torment.
You are immune to petrification.


Message History

You swap places.
You swap places.
There is an open door here.
You swap places.
You open the door.
There is an open door here.
There is a fountain of clear blue water here.
There is a staircase leading out of the dungeon here.
There is a fountain of clear blue water here.
There is an open door here.
You open the door.
There is an open door here.
You open the door.
There is an open door here.
A rat comes into view.
You shoot an arrow. The arrow hits the rat.
No target in view!
No target in view!
No target in view!
A goblin comes into view. It is wielding a +0 club.
The goblin shouts!
You shoot an arrow. The arrow hits the goblin!
The dead are walking!
No target in view!
No target in view!
No target in view!
No target in view!
You swap places.
You swap places.
You swap places.
You see here a +0 club.
Found a stone staircase leading down.
A bat comes into view.
You shoot an arrow. The arrow hits the bat!
No target in view!
No target in view!
No target in view!
You now have 70 gold pieces (gained 13).
You swap places.
You now have 81 gold pieces (gained 11).
Done exploring.
Done exploring.
Done exploring.
Done exploring.
You swap places.
You open the door.
There is an open door here.
There is a stone staircase leading down here.
You climb downwards.
Your mindless puppet stays behind to rot.
There is a stone staircase leading up here.
There is a stone staircase leading up here.
A worm comes into view.
Found a stone staircase leading down.
You shoot an arrow. The arrow hits the worm!
You shoot an arrow. The arrow hits the worm.
You shoot an arrow. The arrow hits the worm.
The dead are slithering!
No target in view!
No target in view!
A ball python comes into view.
You shoot an arrow. The arrow hits the ball python!
No target in view!
No target in view!
No target in view!
b - 3 scrolls of immolation {!r} (gained 1)
You begin recalling your allies.
Your worm zombie is recalled.
You finish recalling your allies.
You now have 1/3 mp.
Magic restored.
You now have 94 gold pieces (gained 13).
A rat comes into view.
MP restored: 3 A rat is nearby!
You shoot an arrow. The arrow hits the rat.
No target in view!
No target in view!
No target in view!
A goblin comes into view. It is wielding a +0 dagger.
The goblin shouts!
You shoot an arrow. The arrow hits the goblin!
The dead are walking!
No target in view!
No target in view!
No target in view!
A goblin comes into view. It is wielding a +0 club.
The goblin hits your goblin zombie with a +0 club.
Your goblin zombie hits the goblin.
The goblin hits your goblin zombie with a +0 club.
Your goblin zombie barely misses the goblin.
Really fire in your goblin zombie's direction? [Y]es or [N]o only, please.
Really fire in your goblin zombie's direction? [Y]es or [N]o only, please.
Really fire in your goblin zombie's direction? [Y]es or [N]o only, please.
Really fire in your goblin zombie's direction? [Y]es or [N]o only, please.
Really fire in your goblin zombie's direction?
Okay, then.
Unknown command.
Are you sure you want to abandon this character and quit the game? (Confirm with "yes".)

########## #.Z....Z.#
#.######Z# #.# #.# # #.#
#Z#########
.##$.##.######..........
.gZ....@...........#####
.###.#########.#.....# #
# #.#.###># # #...# #.#
# #.#.###.# #
#.#.....### #.###......
#.# ###.### #.#####.###


You could see a goblin (ally target), a friendly worm zombie and a friendly
goblin zombie.

Vanquished Creatures
  A worm (D:2)
  4 bats (D:1)
  3 endoplasms (D:1)
  3 goblins
  3 hobgoblins (D:1)
  3 jackals (D:1)
  A quokka (D:1)
  4 ball pythons
  2 frilled lizards (D:1)
  2 kobolds (D:1)
  3 rats
29 creatures vanquished.

Notes
Turn   | Place    | Note
-------+----------+-------------------------------------------
     0 | D:1      | IndexError the Gargoyle Hunter began the quest for the Orb.
     0 | D:1      | Reached XP level 1. HP: 12/12 MP: 1/1
   220 | D:1      | Reached XP level 2. HP: 18/18 MP: 2/2
   490 | D:1      | Found a faded altar of an unknown god.
   500 | D:1      | Prayed at the altar of an unknown god.
   500 | D:1      | Became a worshipper of Yredelemnul the Dark
   500 | D:1      | Reached * piety under Yredelemnul
   563 | D:1      | Found Sikluini's Armour Boutique.
   594 | D:1      | Reached XP level 3. HP: 22/22 MP: 3/3
   971 | D:2      | Quit the game

Illustrated notes

Levels and vault maps discovered:
D:1:      dpeg_arrival_simpleton_c, layout_loops_corners,
          dreamdust_ecumenical_altar_statues, serial_shops, nicolae_shop_stone,
          dreamdust_wishing_well
D:2:      layout_loops_ring

Action                     || total
---------------------------++-------
   Fire: Shortbow          ||    68
 Invoke: Recall Undead Har ||     1
 Armour: Leather armour    ||    14
  Dodge: Dodged            ||    16

Table legend: (Time is in decaauts)
 A = Elapsed time spent in this place.
 B = Non-inter-level travel time spent in this place.
 C = Inter-level travel time spent in this place.
 D = Time resting spent in this place.
 E = Time spent auto-exploring this place.
 F = Levels seen in this place.
 G = Mean time per level.
                   A        B        C        D        E       F      G
               +--------+--------+--------+--------+--------+-----+--------+
         Total |    990 |    966 |     24 |      0 |    789 |   2 |  495.0 |
       Dungeon |    990 |    966 |     24 |      0 |    789 |   2 |  495.0 |
               +--------+--------+--------+--------+--------+-----+--------+

Top non-repeatable levels by time:
     D:1: 889 daAuts
     D:2: 101 daAuts

Table legend:
 A = Kills in this place as a percentage of kills in entire the game.
 B = Kills by you in this place as a percentage of kills by you in the entire game.
 C = Kills by friends in this place as a percentage of kills by friends in the entire game.
 D = Other kills in this place as a percentage of other kills in the entire game.
 E = Experience gained in this place as a percentage of experience gained in the entire game.
 F = Experience gained in this place divided by the number of levels of this place that you have seen.
                   A       B       C       D       E      F
               +-------+-------+-------+-------+-------+----------------------
         Total | 100.0 | 100.0 |   N/A |   N/A | 100.0 |  24.0
       Dungeon | 100.0 | 100.0 |   N/A |   N/A | 100.0 |  24.0
               +-------+-------+-------+-------+-------+----------------------
